[Event "Late-Titled-Tuesday-Blitz-October-17-2023"]
[Site "Chess.com"]
[Date "2023.10.17"]
[Round "2"]
[White "TheKingDoctor"]
[Black "familijatop71"]
[Result "1-0"]
[WhiteElo "2441"]
[BlackElo "2110"]
[TimeControl "180+1"]
[EndTime "14:14:41 PDT"]
[Termination "TheKingDoctor won by resignation"]

1. e4 c5 2. c3 d5 3. exd5 Qxd5 4. d4 Nc6 5. Nf3 Nf6 6. Be3 cxd4 7. cxd4 e6 8. Nc3 Bb4 9. Bd3 e5 10. O-O Bxc3 11.
bxc3 e4 12. c4 Qd8 13. d5 Ne7 14. Bc5 exf3 15. Re1 O-O 16. Bxe7 Qd7 17. Qxf3 Re8 18. Bxf6 gxf6 19. Qh5 f5 20. Qg5+ Kf8 21. Qh6+ Kg8 22. Bxf5 Qd8 23. Bxh7+ 1-0

[Event "Late-Titled-Tuesday-Blitz-October-17-2023"]
[Site "Chess.com"]
[Date "2023.10.17"]
[Round "2"]
[White "Mikhail_Golubev"]
[Black "giomar27"]
[Result "1-0"]
[WhiteElo "2576"]
[BlackElo "2351"]
[TimeControl "180+1"]
[EndTime "14:15:03 PDT"]
[Termination "Mikhail_Golubev won by checkmate"]

1. e4 e5 2. Nf3 d5 3. exd5 e4 4. Qe2 Nf6 5. d3 Bb4+ 6. c3 O-O 7. dxe4 Bc5 8. Bg5 h6 9. Bxf6 Qxf6 10. Nbd2 c6 11.
e5 Qd8 12. d6 Bf5 13. g3 Re8 14. Bg2 Bxd6 15. O-O Nd7 16. Nc4 Bc7 17. Rad1 Qe7 18. Nh4 Bh7 19. f4 f6 20. Qg4 Nf8 21. Nd6 Red8 22. Nhf5 Bxf5 23. Nxf5 Qe6 24. Qxg7# 1-0

[Event "Late-Titled-Tuesday-Blitz-October-17-2023"]
[Site "Chess.com"]
[Date "2023.10.17"]
[Round "2"]
[White "ameetghasi100"]
[Black "as9killer2"]
[Result "1-0"]
[WhiteElo "2792"]
[BlackElo "2515"]
[TimeControl "180+1"]
[EndTime "14:15:07 PDT"]
[Termination "ameetghasi100 won by resignation"]

1. b3 d5 2. Bb2 Nc6 3. Nf3 Nf6 4. d4 Bg4 5. Nbd2 e6 6. a3 Ne4 7. h3 Bh5 8. c4 Be7 9. e3 Nxd2 10. Qxd2 Bxf3 11. gxf3 Bf6 12. f4 a6 13. Rc1 O-O 14. cxd5 exd5 15. Bd3 Re8 16. Kd1 Qd6 17. Rg1 b6 18.
Qc2 Nxd4 19. Qxc7 Qxc7 20. Rxc7 Ne6 21. Bxf6 Nxc7 22. Rxg7+ Kf8 23. Rxh7 1-0

[Event "Late-Titled-Tuesday-Blitz-October-17-2023"]
[Site "Chess.com"]
[Date "2023.10.17"]
[Round "2"]
[White "lluiss"]
[Black "SergioMoralesG"]
[Result "1-0"]
[WhiteElo "2176"]
[BlackElo "2429"]
[TimeControl "180+1"]
[EndTime "14:15:09 PDT"]
[Termination "lluiss won by resignation"]

1. Nf3 c5 2. c4 Nc6 3. Nc3 g6 4. e3 Bg7 5. d4 cxd4 6. exd4 d6 7. d5 Nb8 8. Nd4 Nf6 9. h3 Nbd7 10.
Be2 a6 11. O-O O-O 12. Be3 Nc5 13. Qc2 e5 14. dxe6 Nxe6 15. Rfd1 Nh5 16. Bxh5 gxh5 17. Nf5 Qf6 18. Nxg7 Qxg7 19. Rxd6 Nc7 20. Bd4 Qg5 21. Be3 Qe7 22. Qd2 Bf5 23. Rd1 Rfd8 24.
Rxd8+ Rxd8 25. Qxd8+ 1-0

[Event "Late-Titled-Tuesday-Blitz-October-17-2023"]
[Site "Chess.com"]
[Date "2023.10.17"]
[Round "2"]
[White "emirgulbeyaz"]
[Black "The_Machine04"]
[Result "0-1"]
[WhiteElo "2396"]
[BlackElo "2715"]
[TimeControl "180+1"]
[EndTime "14:15:17 PDT"]
[Termination "The_Machine04 won by resignation"]

1. d4 d6 2. Bf4 Nf6 3. Nc3 Nc6 4. Nf3 g6 5. e4 Bg7 6. Qd2 O-O 7. Bh6 e5 8. d5 Nd4 9. Bxg7 Nxf3+ 10. gxf3 Kxg7 11. O-O-O Nh5 12. Ne2 Qh4 13. Qe3 Bd7 14. Kb1 f5 15.
Qc3 Rac8 16. exf5 Bxf5 17. Ng3 Nf4 18. Bc4 Bh3 19. Rhg1 Rf7 20. Qe3 b6 21. Bf1 Bd7 22.
Bd3 Rcf8 23. Be4 Bh3 24. a3 a5 25. Qc3 Kh8 26. Qe3 Bg2 27. Ne2 Nxe2 28. Qxe2 Bxf3 29. Bxf3 Rxf3 30. Qc4 Qxc4 0-1

[Event "Late-Titled-Tuesday-Blitz-October-17-2023"]
[Site "Chess.com"]
[Date "2023.10.17"]
[Round "2"]
[White "K_A_S_T_O_R"]
[Black "jup1978"]
[Result "1-0"]
[WhiteElo "2876"]
[BlackElo "2547"]
[TimeControl "180+1"]
[EndTime "14:15:24 PDT"]
[Termination "K_A_S_T_O_R won by resignation"]

1. e4 e5 2. Nf3 Nf6 3. d3 Nc6 4. c3 a5 5. Be2 Bc5 6. O-O O-O 7.
b3 Re8 8. a3 d5 9. Nbd2 dxe4 10. dxe4 b6 11. Bb2 Qe7 12. b4 axb4 13. axb4 Rxa1 14.
Bxa1 Bd6 15. Qc2 Bb7 16. Re1 Ra8 17. Bb2 h6 18. Bc4 Bc8 19. Nf1 Be6 20. Ne3 Bxc4 21. Nxc4 Nd8 22. Ne3 g6 23. Bc1 Kg7 24. Nc4 b5 25. Nxd6 cxd6 26. Qd3 Rc8 27. Bb2 Qd7 28. Nd2 Ne6 29. g3 Qc6 30. Ra1 d5 31. exd5 Qxd5 32. Qxd5 Nxd5 33. Ne4 Rc7 34. Nd6 Nxc3 35. Ne8+ Kh7 36. Nxc7 Ne2+ 37. Kf1 1-0

[Event "Late-Titled-Tuesday-Blitz-October-17-2023"]
[Site "Chess.com"]
[Date "2023.10.17"]
[Round "2"]
[White "dmarcolino"]
[Black "CarrotsandPizza"]
[Result "0-1"]
[WhiteElo "2092"]
[BlackElo "2440"]
[TimeControl "180+1"]
[EndTime "14:15:26 PDT"]
[Termination "CarrotsandPizza won by resignation"]

1. d4 Nf6 2. Nf3 g6 3. Bg5 Bg7 4. Nbd2 O-O 5. e4 d6 6. Bd3 c5 7. c3 h6 8. Bh4 cxd4 9. cxd4 Qb6 10. Nc4 Qb4+ 11. Qd2 Qxd2+ 12. Nfxd2 Nc6 13. Nb3 g5 14. Bg3 Nh5 15. e5 Nxg3 16. hxg3 dxe5 17. dxe5 Be6 18. Nbd2 Rfd8 19. Be4 Nxe5 20. Nxe5 Bxe5 21. Rxh6 Bxb2 22. Rd1 Bc3 23. Ke2 Rac8 24. Bxb7 Rb8 25. Be4 Rb2 26. Ke3 Bxd2+ 0-1

[Event "Late-Titled-Tuesday-Blitz-October-17-2023"]
[Site "Chess.com"]
[Date "2023.10.17"]
[Round "2"]
[White "Zq1"]
[Black "KaydenTroffChess"]
[Result "0-1"]
[WhiteElo "2521"]
[BlackElo "2819"]
[TimeControl "180+1"]
[EndTime "14:15:27 PDT"]
[Termination "KaydenTroffChess won by resignation"]

1. d4 Nf6 2. c4 g6 3. Nc3 d5 4.
Nf3 Bg7 5. cxd5 Nxd5 6. Bd2 O-O 7.
Rc1 Nc6 8. e3 e5 9. Nxd5 Qxd5 10. Bc4 Qd6 11. d5 Ne7 12. Qb3 a5 13. Ng5 Bf5 14. e4 Bd7 15. O-O h6 16. Nf3 Rfb8 17.
Qa3 Nc8 18. Be3 Qxa3 19. bxa3 Nd6 20. Bd3 c6 21. Bc5 Nc8 22. dxc6 Bxc6 23. Nd2 b5 24. Nb3 Bd7 25. Rfd1 Be6 26. Rc2 b4 27. axb4 axb4 28. Rdc1 Na7 29. Bd6 Rd8 0-1

[Event "Late-Titled-Tuesday-Blitz-October-17-2023"]
[Site "Chess.com"]
[Date "2023.10.17"]
[Round "2"]
[White "Polish_fighter3000"]
[Black "KNVB"]
[Result "1-0"]
[WhiteElo "3053"]
[BlackElo "2635"]
[TimeControl "180+1"]
[EndTime "14:15:28 PDT"]
[Termination "Polish_fighter3000 won on time"]

1. d4 Nf6 2. c4 e5 3. dxe5 Ng4 4. e3 Nxe5 5. Nh3 d5 6. cxd5 Bxh3 7. gxh3 Bd6 8. Nc3 Nbd7 9. f4 Ng6 10. Qf3 f5 11.
Bd2 O-O 12. O-O-O Qe7 13. Bd3 Rae8 14. Rhg1 a6 15. Qh5 Qh4 16. Qf3 Rf7 17. Bc2 Nb6 18.
Rg5 Ref8 19. Be1 Qh6 20. Rh5 Qxh5 21. Qxh5 Nc4 22. Bf2 1-0

[Event "Late-Titled-Tuesday-Blitz-October-17-2023"]
[Site "Chess.com"]
[Date "2023.10.17"]
[Round "2"]
[White "BobDaKow"]
[Black "Road2GM3000"]
[Result "1-0"]
[WhiteElo "2038"]
[BlackElo "2397"]
[TimeControl "180+1"]
[EndTime "14:15:31 PDT"]
[Termination "BobDaKow won by resignation"]

1. e4 c5 2. Nf3 d6 3. Bb5+ Bd7 4. c4 Nf6 5. Nc3 e5 6. Bxd7+ Nbxd7 7. d3 Be7 8. Bg5 O-O 9. O-O Nb8 10. Bxf6 Bxf6 11.
g3 Nc6 12. Nd5 Nd4 13. Nxd4 cxd4 14. Qf3 Rc8 15. Rac1 Be7 16. b4 b6 17. a3 Qd7 18.
Qd1 f5 19. f3 Bg5 20. Rc2 Be3+ 21. Nxe3 dxe3 22. exf5 Qxf5 23. Qe2 d5 24. Qxe3 dxc4 25. Rxc4 Rcd8 26. Re4 Rd5 27. f4 exf4 28. Rexf4 Qxf4 29. Rxf4 Rfd8 30. d4 g5 31. Qe6+ Kh8 32. Re4 Kg7 33. Qe7+ Kg8 34. Qf6 b5 35. Re7 1-0

[Event "Late-Titled-Tuesday-Blitz-October-17-2023"]
[Site "Chess.com"]
[Date "2023.10.17"]
[Round "2"]
[White "Necromon"]
[Black "KVAIDAN"]
[Result "1-0"]
[WhiteElo "2493"]
[BlackElo "2283"]
[TimeControl "180+1"]
[EndTime "14:15:37 PDT"]
[Termination "Necromon won by checkmate"]

1. Nf3 e6 2. g3 f5 3. d4 Nf6 4.
c4 Be7 5. Bg2 O-O 6. Nc3 d6 7. b4 e5 8. dxe5 dxe5 9. Qb3 e4 10.
Ng5 c5 11. Nd5 Nxd5 12. cxd5 Kh8 13. Ne6 Bxe6 14. dxe6 cxb4 15. Bb2 Nc6 16. Rd1 Qe8 17. O-O Bf6 18. Rd7 Bxb2 19. Qxb2 Rg8 20. Qb3 Rd8 21. Rfd1 Rxd7 22. Rxd7 b6 23. Bh3 a5 24. Bxf5 Ne7 25. Bxe4 Qh5 26. Rxe7 Qxe2 27. Qd3 Qxa2 28. Bxh7 Rc8 29.
Bg6 b3 30. Qf5 Qa1+ 31. Kg2 Qd1 32. Qh3+ Kg8 33. Qh7+ Kf8 34. Rf7+ Ke8 35. Qg8# 1-0

[Event "Late-Titled-Tuesday-Blitz-October-17-2023"]
[Site "Chess.com"]
[Date "2023.10.17"]
[Round "2"]
[White "WilliamAlfaroCaracas"]
[Black "Lion_DL"]
[Result "0-1"]
[WhiteElo "2188"]
[BlackElo "2456"]
[TimeControl "180+1"]
[EndTime "14:15:40 PDT"]
[Termination "Lion_DL won by resignation"]

1. e4 Nc6 2. d4 d5 3. e5 f6 4. f4 Bf5 5. Nf3 e6 6. Bd3 Nh6 7. O-O Be7 8. c3 O-O 9. exf6 Bxf6 10. Ne5 Nxe5 11. fxe5 Bg5 12. Bxf5 Nxf5 13. Bxg5 Qxg5 14. Qd2 Qg6 15. Na3 a6 16. Nc2 Nh4 17. Ne3 Nf3+ 18. Rxf3 Rxf3 19. Kh1 Rf7 20. c4 c6 21. cxd5 cxd5 22. Rc1 Raf8 23. h3 Qg3 24. Ng4 0-1

[Event "Late-Titled-Tuesday-Blitz-October-17-2023"]
[Site "Chess.com"]
[Date "2023.10.17"]
[Round "2"]
[White "Efremov_Vlad"]
[Black "morte-negra"]
[Result "1-0"]
[WhiteElo "2401"]
[BlackElo "1938"]
[TimeControl "180+1"]
[EndTime "14:15:42 PDT"]
[Termination "Efremov_Vlad won on time"]

1. d4 Nf6 2. c4 c5 3. d5 e6 4. Nc3 exd5 5. cxd5 d6 6. e4 g6 7. f4 Bg7 8. Bb5+ Nfd7 9. Bd3 O-O 10. Nf3 Re8 11.
O-O Na6 12. Be3 Rb8 13. Qd2 Nb4 14. Bb1 b5 15. a3 Na6 16. Bc2 Nc7 17. Rae1 a5 18. e5 dxe5 19. d6 Na6 20. Nd5 e4 21. Ne7+ Rxe7 22. dxe7 Qxe7 23. Ng5 f5 24. Qd5+ Kf8 25.
Ne6+ Kg8 26. Nd8+ Kf8 27. Nc6 Nf6 28. Nxe7 1-0

[Event "Late-Titled-Tuesday-Blitz-October-17-2023"]
[Site "Chess.com"]
[Date "2023.10.17"]
[Round "2"]
[White "ToddBryant"]
[Black "Rumpel-VK"]
[Result "0-1"]
[WhiteElo "2330"]
[BlackElo "2521"]
[TimeControl "180+1"]
[EndTime "14:15:43 PDT"]
[Termination "Rumpel-VK won by checkmate"]

1. e4 c5 2. Nf3 Nc6 3. d4 cxd4 4.
Nxd4 e5 5. Nb5 a6 6. Nd6+ Bxd6 7.
Qxd6 Qe7 8. Qd1 Nf6 9. Nc3 Nd4 10. Bg5 Qb4 11. Bd3 Qxb2 12. Ne2 Nxe2 13. Kxe2 d5 14. Bxf6 gxf6 15. exd5 Bg4+ 16. f3 Bh5 17. g4 Bg6 18. Bf5 Bxf5 19. gxf5 Rc8 20. Rc1 Rg8 21. Kf2 Qb4 22.
h4 Qf4 23. Rg1 Qh2+ 24. Ke3 Rc3+ 25. Ke4 Qf4# 0-1

[Event "Late-Titled-Tuesday-Blitz-October-17-2023"]
[Site "Chess.com"]
[Date "2023.10.17"]
[Round "2"]
[White "Pingah9"]
[Black "Cayse"]
[Result "0-1"]
[WhiteElo "2563"]
[BlackElo "2895"]
[TimeControl "180+1"]
[EndTime "14:15:44 PDT"]
[Termination "Cayse won by resignation"]

1. e4 e5 2. Nf3 Nc6 3. Bb5 a6 4. Ba4 Nf6 5. O-O Be7 6. d3 b5 7. Bb3 d6 8. c3 O-O 9. h3 Na5 10. Bc2 c5 11. Re1 Qc7 12. Nbd2 Be6 13. Nf1 Nc6 14.
g4 d5 15. Ng3 dxe4 16. dxe4 Rfd8 17. Qe2 Rac8 18. Bg5 h6 19. Bxf6 Bxf6 20. Nf5 Kh7 21. b3 g6 22. Ne3 Nd4 23. cxd4 cxd4 24. Nd5 Bxd5 25. exd5 Qxc2 26. Qxc2 Rxc2 27. Nxe5 Rxd5 28. Nd3 a5 29. Kg2 Rd7 30. Kg3 Rdc7 31. Nf4 R7c3+ 32.
Kg2 Bh4 33. Re2 d3 34. Rxc2 dxc2 35. Ne2 Rc7 36. Rc1 Bf6 0-1

[Event "Late-Titled-Tuesday-Blitz-October-17-2023"]
[Site "Chess.com"]
[Date "2023.10.17"]
[Round "2"]
[White "Truequitos"]
[Black "Hirna2005"]
[Result "1-0"]
[WhiteElo "2504"]
[BlackElo "2317"]
[TimeControl "180+1"]
[EndTime "14:15:45 PDT"]
[Termination "Truequitos won by resignation"]

1. Nf3 g6 2. d4 Bg7 3. Bf4 d6 4.
Nc3 Nf6 5. Qd2 Nc6 6. Bh6 Bxh6 7.
Qxh6 Bg4 8. O-O-O Qd7 9. h3 Bxf3 10. gxf3 O-O-O 11. h4 Kb8 12. Bh3 e6 13. d5 Ne5 14.
Qg5 Qe7 15. dxe6 fxe6 16. f4 Nc6 17. e3 Rde8 18. Bg2 d5 19. a3 h6 20. Qg3 Rhg8 21. Bf3 Qc5 22. Kb1 a6 23. Qh3 h5 24. Rhg1 b5 25. Na2 b4 26. axb4 Nxb4 27. Nxb4 Qxb4 28.
Rd3 Ka7 29. Rb3 Qd6 30. Qf1 Rb8 31. Rxb8 Kxb8 32. Qd3 Ka7 33. Rxg6 Rf8 34. Rxf6 Rxf6 35. Qd4+ c5 36. Qxf6 c4 37. Qd4+ Kb7 38. Qxc4 1-0

[Event "Late-Titled-Tuesday-Blitz-October-17-2023"]
[Site "Chess.com"]
[Date "2023.10.17"]
[Round "2"]
[White "dadice10"]
[Black "Goryachkina"]
[Result "1/2-1/2"]
[WhiteElo "2224"]
[BlackElo "2650"]
[TimeControl "180+1"]
[EndTime "14:15:47 PDT"]
[Termination "Game drawn by repetition"]

1. e4 e6 2. d4 d5 3. Nc3 Nf6 4. Bg5 dxe4 5. Nxe4 Be7 6. Nxf6+ Bxf6 7. Bxf6 Qxf6 8.
Qd3 Nc6 9. O-O-O Bd7 10. Nf3 O-O-O 11. Qe4 h6 12. Bd3 Kb8 13. Rhf1 Rhe8 14. Ne5 Nxe5 15. dxe5 Qe7 16. Kb1 Bc6 17. Qg4 g6 18. Be4 h5 19. Qf3 Bxe4 20. Qxe4 a6 21. a3 Qg5 22.
f4 Qg4 23. Qf3 Rxd1+ 24. Rxd1 Qxf3 25. gxf3 Kc8 26. Kc1 Rf8 27. Rg1 Kd7 28. Kd2 Kc6 29. Ke3 Rd8 30. Rg2 a5 31. h4 a4 32. Rd2 Rd5 33. Rxd5 Kxd5 34. Kd3 b5 35. b3 c5 36.
bxa4 bxa4 37. c4+ Kc6 38. Ke4 Kd7 39. Ke3 Ke7 40. Kd3 Kd7 41. Ke3 Kc6 42. Kd3 Kd7 43.
Ke3 1/2-1/2

[Event "Late-Titled-Tuesday-Blitz-October-17-2023"]
[Site "Chess.com"]
[Date "2023.10.17"]
[Round "2"]
[White "Mbneu"]
[Black "slorovel"]
[Result "1-0"]
[WhiteElo "2246"]
[BlackElo "2457"]
[TimeControl "180+1"]
[EndTime "14:15:48 PDT"]
[Termination "Mbneu won by checkmate"]

1. d4 Nf6 2. c4 e6 3. Nc3 b6 4. Nf3 Bb7 5. g3 c5 6. d5 d6 7.
Bg2 Be7 8. O-O O-O 9. dxe6 fxe6 10. Ng5 Bxg2 11. Kxg2 Qc8 12. e4 h6 13. Nh3 Qb7 14. f3 Nc6 15. Be3 e5 16. Nd5 Nd4 17. Bxd4 cxd4 18.
Nf2 Nxd5 19. cxd5 Bg5 20. Ng4 h5 21. h4 hxg4 22. hxg5 gxf3+ 23. Rxf3 Qe7 24. Rxf8+ Rxf8 25. Qg4 Qf7 26. g6 Qf2+ 27. Kh3 d3 28. Rh1 Qf3 29.
Qe6+ Kh8 30. Rh2 Qh5+ 31. Kg2 Rf2+ 32. Kxf2 Qxh2+ 33. Kf1 Qe2+ 34. Kg1 Qe3+ 35. Kh2 Qf2+ 36. Kh3 Qf8 37. Kg2 d2 38. Qh3+ Kg8 39. Qh7# 1-0

[Event "Late-Titled-Tuesday-Blitz-October-17-2023"]
[Site "Chess.com"]
[Date "2023.10.17"]
[Round "2"]
[White "Fdpo95"]
[Black "Casablanca"]
[Result "1-0"]
[WhiteElo "2504"]
[BlackElo "2750"]
[TimeControl "180+1"]
[EndTime "14:15:49 PDT"]
[Termination "Fdpo95 won by resignation"]

1. e4 c5 2. Nf3 d6 3. d4 cxd4 4. Nxd4 Nf6 5. Nc3 g6 6. g3 Nc6 7. Nde2 Bg7 8. Bg2 O-O 9. O-O Be6 10. h3 Rc8 11. Be3 a6 12. a4 Ne5 13. b3 Qa5 14.
Rc1 b5 15. axb5 axb5 16. Nd5 Nxd5 17. exd5 Bf5 18. Nd4 Rc7 19. f4 Rc3 20. Bf2 Nd3 21. cxd3 Rxd3 22. Nc6 Rxd1 23. Nxa5 Rxf1+ 24. Bxf1 Ra8 25. Nc6 Bb2 26. Re1 e6 27. dxe6 1-0

[Event "Late-Titled-Tuesday-Blitz-October-17-2023"]
[Site "Chess.com"]
[Date "2023.10.17"]
[Round "2"]
[White "Misticpikachu"]
[Black "protectiago"]
[Result "1-0"]
[WhiteElo "2419"]
[BlackElo "2078"]
[TimeControl "180+1"]
[EndTime "14:15:51 PDT"]
[Termination "Misticpikachu won by resignation"]

1. c4 Nf6 2. Nc3 g6 3. g3 Bg7 4. Bg2 e5 5. Nf3 Nc6 6. O-O O-O 7. d4 exd4 8. Nxd4 Nxd4 9. Qxd4 Re8 10. b3 Ne4 11. Qxg7+ Kxg7 12. Nxe4 Rxe4 13. Bxe4 f5 14.
Bb2+ Kf8 15. Bg2 d6 16. Rad1 Qe7 17. e4 Rb8 18. Rfe1 fxe4 19. Rxe4 Qg5 20. Rde1 Bd7 21. Rf4+ Bf5 22. h4 Qh6 23. Bc1 Qg7 24. g4 Qc3 25. Rf1 Re8 26. gxf5 g5 27. hxg5 Re1 28. Be3 Rxf1+ 29.
Bxf1 Qa1 30. f6 Qxa2 31. g6 hxg6 32. f7 Qxb3 33. Rf3 Qd1 34. Bh6+ 1-0

[Event "Late-Titled-Tuesday-Blitz-October-17-2023"]
[Site "Chess.com"]
[Date "2023.10.17"]
[Round "2"]
[White "chessprincesa1"]
[Black "Chesstrainer1"]
[Result "0-1"]
[WhiteElo "2291"]
[BlackElo "2497"]
[TimeControl "180+1"]
[EndTime "14:15:57 PDT"]
[Termination "Chesstrainer1 won by resignation"]

1. d4 Nf6 2. c4 e6 3. g3 c5 4.
d5 exd5 5. cxd5 d6 6. Nc3 g6 7.
Bg2 Bg7 8. e4 O-O 9. Nf3 Re8 10.
Nd2 b5 11. Nxb5 Ba6 12. Qa4 Nxd5 13. O-O Nb6 14. Qb3 Qd7 15. Nc3 Bxf1 16. Nxf1 Nc6 17.
Ne3 Rab8 18. Qd1 Ne5 19. a4 Nec4 20. a5 Nxe3 21. Bxe3 Nc4 22. Bxc5 Nxb2 23. Qxd6 Qxd6 24. Bxd6 Bxc3 25. Bxb8 Rxb8 26. a6 Bd4 0-1

[Event "Late-Titled-Tuesday-Blitz-October-17-2023"]
[Site "Chess.com"]
[Date "2023.10.17"]
[Round "2"]
[White "Makswolf200817"]
[Black "The_Chess_Coach"]
[Result "1-0"]
[WhiteElo "2671"]
[BlackElo "2369"]
[TimeControl "180+1"]
[EndTime "14:16:03 PDT"]
[Termination "Makswolf200817 won by resignation"]

1. Nf3 Nf6 2. c4 g6 3. g3 Bg7 4.
Bg2 O-O 5. O-O d6 6. d4 Nc6 7.
Nc3 a6 8. d5 Na5 9. b3 c5 10.
dxc6 Nxc6 11. Bg5 h6 12. Bd2 Rb8 13. Rc1 Bd7 14. Ne1 e6 15. Bf4 e5 16. Be3 Ng4 17.
Nc2 Be6 18. Nd5 Nxe3 19. Ncxe3 f5 20. f4 e4 21. Qd2 Nd4 22. Rfd1 b5 23. cxb5 axb5 24. Bf1 g5 25. Qb4 Bxd5 26. Nxd5 Ne6 27. e3 Rb6 28. Bxb5 gxf4 29. gxf4 Nc5 30. Nxb6 Qxb6 31.
Bc4+ 1-0

[Event "Late-Titled-Tuesday-Blitz-October-17-2023"]
[Site "Chess.com"]
[Date "2023.10.17"]
[Round "2"]
[White "miraitrunks"]
[Black "gahryman"]
[Result "0-1"]
[WhiteElo "2206"]
[BlackElo "2659"]
[TimeControl "180+1"]
[EndTime "14:16:08 PDT"]
[Termination "gahryman won by checkmate"]

1. e4 c5 2. c3 Nf6 3. e5 Nd5 4. d4 cxd4 5. Qxd4 e6 6. Nf3 Nc6 7. Qe4 f5 8. exf6 Nxf6 9. Qh4 d5 10. Bd3 Bd6 11. Bg6+ Ke7 12. Bc2 h6 13. O-O e5 14.
Re1 Kf7 15. Nbd2 e4 16. Nxe4 dxe4 17. Bxe4 g5 18. Bxg5 hxg5 19. Nxg5+ Kg7 20. Ne6+ Bxe6 21. Qg5+ Kf8 22. Bxc6 Bxh2+ 23. Kf1 Bc4+ 24. Re2 Bf4 25. Qc5+ Bd6 26. Qxc4 Rh1# 0-1

[Event "Late-Titled-Tuesday-Blitz-October-17-2023"]
[Site "Chess.com"]
[Date "2023.10.17"]
[Round "2"]
[White "maurovargas01"]
[Black "Qvalda"]
[Result "0-1"]
[WhiteElo "1912"]
[BlackElo "2399"]
[TimeControl "180+1"]
[EndTime "14:16:09 PDT"]
[Termination "Qvalda won on time"]

1. e4 e6 2. f4 d5 3. Nc3 d4 4.
Nce2 c5 5. d3 Nc6 6. Nf3 Nf6 7.
g3 h5 8. h3 e5 9. Bg2 exf4 10.
Nxf4 Bd6 11. e5 Nxe5 12. Nxe5 Bxe5 13. Qe2 Qe7 14. O-O g5 15. Nd5 Nxd5 16. Bxd5 f6 17. Qe4 Bxh3 18. Qg6+ Kd7 19. Re1 Kc7 20. Qe4 Bc8 21.
Bd2 Qd6 22. Ba5+ Kb8 23. Qg2 a6 24. a3 Bxg3 25. b4 Bxe1 26. Rxe1 h4 27. bxc5 Qxc5 0-1

[Event "Late-Titled-Tuesday-Blitz-October-17-2023"]
[Site "Chess.com"]
[Date "2023.10.17"]
[Round "2"]
[White "AryanTari"]
[Black "MFatigue"]
[Result "1-0"]
[WhiteElo "2943"]
[BlackElo "2590"]
[TimeControl "180+1"]
[EndTime "14:16:10 PDT"]
[Termination "AryanTari won by resignation"]

1. e4 e6 2. d4 d5 3. exd5 exd5 4. Nf3 Nf6 5. Bd3 Bd6 6. Qe2+ Be7 7. O-O O-O 8. Re1 Re8 9. Bg5 Be6 10. Nbd2 h6 11. Bh4 Nc6 12. c3 Qd7 13. Bb5 Ng4 14. Bxe7 Qxe7 15.
h3 Nf6 16. Ne5 Bd7 17. Bxc6 bxc6 18. Qf3 Qd6 19. b4 a5 20. a3 Be6 21. Nb3 axb4 22.
axb4 Nd7 23. Nd3 Nb6 24. Nbc5 Nc4 25. Qf4 Kf8 26. Rxa8 Rxa8 27. Nxe6+ 1-0

[Event "Late-Titled-Tuesday-Blitz-October-17-2023"]
[Site "Chess.com"]
[Date "2023.10.17"]
[Round "2"]
[White "mac0504"]
[Black "AlexandraBotez"]
[Result "1-0"]
[WhiteElo "2572"]
[BlackElo "2348"]
[TimeControl "180+1"]
[EndTime "14:16:12 PDT"]
[Termination "mac0504 won by resignation"]

1. d4 Nf6 2. c4 g6 3. Nc3 d6 4. e4 Bg7 5. Be2 O-O 6. Be3 Nbd7 7.
h4 h5 8. Nh3 e5 9. d5 a5 10. Ng5 Nc5 11. f3 Bd7 12. Qc2 Nh7 13.
O-O-O f5 14. Bxc5 dxc5 15. Ne6 Bxe6 16. dxe6 Qe8 17. Nb5 Rc8 18. Rd7 Qxe6 19. Rxc7 fxe4 20. Qxe4 Rxc7 21. Nxc7 Qc6 22. Nd5 Rf7 23. Bd3 Nf8 24.
g4 hxg4 25. fxg4 a4 26. a3 Rd7 27. Kb1 b5 28. cxb5 Qb7 29. Bc4 Kh8 30. h5 g5 31.
h6 Rf7 32. hxg7+ Kxg7 33. Rh5 1-0

[Event "Late-Titled-Tuesday-Blitz-October-17-2023"]
[Site "Chess.com"]
[Date "2023.10.17"]
[Round "2"]
[White "Schwindle"]
[Black "Freeeeeeeeeeeeeeeeee"]
[Result "1-0"]
[WhiteElo "2406"]
[BlackElo "1977"]
[TimeControl "180+1"]
[EndTime "14:16:12 PDT"]
[Termination "Schwindle won on time"]

1. e4 e5 2. Nf3 Nc6 3. Bb5 d6 4. c3 Bd7 5. O-O Nf6 6. Re1 Be7 7. d3 O-O 8. a4 a6 9. Bc4 h6 10. Nbd2 Re8 11. Nf1 Bf8 12. Nh4 Be6 13. Bxe6 Rxe6 14. Nf5 Ne7 15. N1g3 Nxf5 16. Nxf5 Kh7 17. Qb3 g6 18.
Ne3 Rb8 19. Rf1 Nh5 20. g3 Bg7 21. Ng2 c6 22. f4 d5 23. f5 Re7 24. Be3 d4 25.
cxd4 exd4 26. Bd2 Qe8 27. Rf2 Be5 28. fxg6+ fxg6 29. Raf1 Kg7 30. Qc2 Rc8 31. Nh4 c5 32.
Qc1 1-0

[Event "Late-Titled-Tuesday-Blitz-October-17-2023"]
[Site "Chess.com"]
[Date "2023.10.17"]
[Round "2"]
[White "AlexPapasimakopoulos"]
[Black "Kale36"]
[Result "1-0"]
[WhiteElo "2681"]
[BlackElo "2298"]
[TimeControl "180+1"]
[EndTime "14:16:16 PDT"]
[Termination "AlexPapasimakopoulos won by resignation"]

1. d4 Nc6 2. d5 Ne5 3. Bf4 Ng6 4. Bg3 e5 5. e4 Bc5 6. Bb5 a6 7. Ba4 b5 8. Bb3 d6 9. a4 Bd7 10. Nf3 N8e7 11. O-O O-O 12. axb5 axb5 13. Nbd2 f5 14. exf5 Nxf5 15. Rxa8 Qxa8 16. c3 Nxg3 17. hxg3 Bg4 18.
Qc2 Bf5 19. Ne4 Ne7 20. Qd3 Bg6 21. Nfg5 Bb6 22. Ne6 Rf7 23. N6g5 Rf8 24. Nf3 Rf5 25. Nh4 Rh5 26. Nxg6 hxg6 27. g4 Rh4 28. Qg3 g5 29.
Nxg5 Ng6 30. Qd3 Qe8 31. Qf5 Nf4 32. g3 Nh3+ 33. Nxh3 Rxh3 34. Kg2 Rh6 35. g5 Rh7 36. Bc2 Qh5 37. Qxh7+ Qxh7 38. Bxh7+ Kxh7 39. f4 e4 40. f5 Kg8 41. Re1 e3 42. b4 Kf7 43. Kf3 Ke7 44.
Kf4 Kd7 45. g6 Ke7 46. g4 1-0

[Event "Late-Titled-Tuesday-Blitz-October-17-2023"]
[Site "Chess.com"]
[Date "2023.10.17"]
[Round "2"]
[White "Dhaydon19"]
[Black "TigrVShlyape"]
[Result "1/2-1/2"]
[WhiteElo "2532"]
[BlackElo "2818"]
[TimeControl "180+1"]
[EndTime "14:16:18 PDT"]
[Termination "Game drawn by repetition"]

1. d4 Nf6 2. c4 e6 3. Nf3 Bb4+ 4. Bd2 a5 5. a3 Be7 6. Nc3 d5 7. cxd5 exd5 8. g3 c6 9. Bg2 O-O 10. O-O Bf5 11. Rc1 Nbd7 12. Na4 Ne4 13. Be3 Re8 14.
Nd2 Nd6 15. Nb3 Nc4 16. Nbc5 Bxc5 17. Rxc4 dxc4 18. dxc5 Be4 19. Bh3 Nf6 20. Qc1 Nd5 21. Bd2 b5 22. cxb6 Nxb6 23. Nc5 Qe7 24. Be3 Nd5 25. Bd4 c3 26. bxc3 Rad8 27. f3 Bg6 28. e4 Nc7 29. Nb7 Ra8 30. Bc5 Qf6 31. Bd4 Qe7 32. Bc5 Qf6 33. Bd4 Qe7 1/2-1/2

[Event "Late-Titled-Tuesday-Blitz-October-17-2023"]
[Site "Chess.com"]
[Date "2023.10.17"]
[Round "2"]
[White "Hsper248"]
[Black "egnfanclub"]
[Result "1-0"]
[WhiteElo "2692"]
[BlackElo "2376"]
[TimeControl "180+1"]
[EndTime "14:16:19 PDT"]
[Termination "Hsper248 won by resignation"]

1. c4 c5 2. Nc3 Nf6 3. g3 d5 4. cxd5 Nxd5 5. Bg2 Nc7 6. Nf3 Nc6 7. O-O e5 8. a3 Rb8 9. Rb1 Be7 10. b4 cxb4 11.
axb4 a6 12. b5 axb5 13. Nxb5 O-O 14. d3 Ne6 15. Bb2 f6 16. e3 Qd7 17. Qe2 Rd8 18. Rfd1 Nb4 19. d4 e4 20. Nd2 f5 21. Ba3 Nd3 22.
Bxe7 Qxe7 23. f3 exf3 24. Nxf3 Nb4 25. Ne5 Nd5 26. Rdc1 Bd7 27. Bxd5 1-0